AoeStats
← ThunderboltX

Arabian Desert

509744662Analyzed
1v1 RM · 5d ago on Sep 27, 2026· 57m 6s· 2 players
Game mode
Random Map
Map size
Tiny (2 player)
Population
200
Speed
Normal
Resources
Standard
Victory
Conquest
Starting age
Dark Age
Ending age
Imperial Age
RankedLock teamsTeams togetherTeam positionsShared explorationLock speedFull tech treeHidden civsTurbo modeCheats
Victory
Defeat
🇩🇪 Spanish · Germany
2575
+9
🇧🇬 Saracens · Bulgaria
2409
-9
ThunderboltX
5:36 Loom
8:13 Feudal Age
9:10 Double-Bit Axe
14:50 Bloodlines
15:29 Horse Collar
20:59 Castle Age
19:54 Scale Barding Armor
21:05 Light Cavalry
22:09 Bow Saw
22:12 Husbandry
29:11 Fletching
29:21 Padded Archer Armor
29:50 Bodkin Arrow
34:05 Wheelbarrow
38:08 Imperial Age
36:20 Ballistics
38:33 Heavy Plow
38:51 Bracer
46:42 Chain Barding Armor
47:22 Conscription
47:11 Town Watch
47:57 Forging
48:37 Hand Cart
49:58 Plate Barding Armor
50:19 Devotion
51:05 Heresy
54:16 Elite Skirmisher
56:16 Leather Archer Armor
57:39 Chemistry
NOC | Terz
6:46 Loom
9:06 Feudal Age
9:47 Double-Bit Axe
9:56 Horse Collar
10:14 Man-at-Arms
15:41 Fletching
22:44 Castle Age
21:43 Forging
21:58 Scale Mail Armor
23:05 Bloodlines
22:47 Pikeman
23:47 Squires
26:15 Sanctity
26:00 Husbandry
33:28 Padded Archer Armor
36:22 Scale Barding Armor
38:55 Leather Archer Armor
39:50 Town Watch
43:41 Imperial Age
43:07 Wheelbarrow
44:43 Bodkin Arrow
47:20 Imperial Age
44:18 Elite Skirmisher
45:18 Thumb Ring
45:38 Inquisition
46:10 Chain Barding Armor
46:28 Redemption
47:12 Heavy Plow
47:27 Bow Saw
48:22 Block Printing
48:32 Illumination
48:43 Theocracy
48:29 Supremacy
48:57 Conscription
50:59 Ring Archer Armor
51:42 Chain Mail Armor
51:45 Bracer
52:37 Ballistics
53:17 Chemistry
52:57 Iron Casting
52:52 Sappers
55:48 Plate Barding Armor
56:14 Blast Furnace
55:55 Light Cavalry
57:23 Plate Mail Armor
57:19 Hand Cart
Connection lost

Rejoining the realm…

Still unreachable

The connection could not be restored.

Session expired

The server has moved on; the page needs a fresh start.